 Dungeon Crawl Stone Soup version 0.32-a0-928-g1cae6b7ea0 (webtiles) character file.

Game seed: 17351622219487255064

205 Swamplord the Cudgeller (level 5, -1/46 HPs)
             Began as a Mountain Dwarf Delver on Apr 12, 2024.
             Incinerated by a bombardier beetle (4 damage)
             ... with a burning spray
             ... on level 4 of the Dungeon.
             The game lasted 00:08:23 (2855 turns).

Swamplord the Cudgeller (Mountain Dwarf Delver)     Turns: 2855, Time: 00:08:24

Health: -1/46      AC: 19    Str: 14    XL:     5   Next: 53%
Magic:  5/5        EV:  2    Int: 13    God:
Gold:   200        SH:  3    Dex: 11    Spells: 4/4 levels left

rFire   . . .        j - +6 flail (protect)
rCold   . . .        m - +0 buckler
rNeg    . . .        e - +0 plate armour {rPois}
rPois   +            (no helmet)
rElec   .            (no cloak)
rCorr   .            o - +0 pair of gloves
SInv    +            (no boots)
Will    .....        l - amulet of regeneration Stlth
                     k - ring of see invisible
HPRegen 1.07/turn    (no ring)
MPRegen 0.09/turn

%: no passive effects
@: on fire, under a protective aura, glowing
A: runic magic, artefact enchanting
a: no special abilities


You were on level 4 of the Dungeon.
You visited 1 branch of the dungeon, and saw 5 of its levels.

You collected 200 gold pieces.

Inventory:

Hand Weapons
 j - a +6 flail of protection (weapon)
Missiles
 b - 3 boomerangs
 t - 6 poisoned darts (quivered)
Armour
 e - a +0 plate armour of poison resistance (worn)
 m - a +0 buckler (worn)
 o - a +0 pair of gloves (worn)
Jewellery
 k - a ring of see invisible (left hand)
 l - an amulet of regeneration (around neck)
Talismans
 h - a granite talisman
Wands
 g - a wand of digging (3)
 n - a wand of roots (7)
Scrolls
 a - a scroll of teleportation
 c - a scroll of fog
 d - a scroll of revelation
 i - 2 scrolls of identify
 u - a scroll of silence
 w - 3 scrolls of poison
Potions
 f - 2 potions of haste
 p - a potion of curing
 q - a potion of berserk rage
 r - 2 potions of enlightenment
 s - a potion of brilliance


   Skills:
 + Level 4.2 Fighting
 * Level 5.0 Maces & Flails
 * Level 2.8 Armour
 - Level 1.3 Dodging
 - Level 3.7 Stealth
 * Level 1.4 Shields
 + Level 0.1 Evocations


You had 4 spell levels left.
You didn't know any spells.
Your spell library was empty.

Dungeon Overview and Level Annotations

Branches:
Dungeon (5/15)
 Temple: D:4-7

Altars:
Ashenzari
Cheibriados
Gozag
Makhleb
Qazlal
Trog
Uskayaw
Vehumet

Shops:
D:1 [   D:2 (


Innate Abilities, Weirdness & Mutations

Your spellcasting is much less encumbered by armour.
You can use scrolls of enchantment on lesser artefacts.


Message History

The burning spray hits you.
You are even more covered in liquid fire!
You hit the bombardier beetle.
The bombardier beetle is almost dead.
The liquid fire burns you!
The bombardier beetle sprays incendiary fluid at you.
The burning spray hits you.
You are even more covered in liquid fire!
You closely miss the bombardier beetle.
The bombardier beetle is almost dead.
The liquid fire burns you!
The bombardier beetle sprays incendiary fluid at you.
You block the burning spray.
You hit the bombardier beetle but do no damage.
The bombardier beetle is almost dead.
The liquid fire burns you!
You barely miss the bombardier beetle.
The bombardier beetle is almost dead.
The liquid fire burns you!
* * * LOW HITPOINT WARNING * * *
The bombardier beetle sprays incendiary fluid at you.
The burning spray hits you.
You are even more covered in liquid fire!
You sock the bombardier beetle!
You kill the bombardier beetle!
The liquid fire burns you!
* * * LOW HITPOINT WARNING * * *
Your Maces & Flails skill increases to level 5!
You shake off some of the fire as you move.
The liquid fire burns you!
* * * LOW HITPOINT WARNING * * *
You shake off some of the fire as you move.
The liquid fire burns you!
* * * LOW HITPOINT WARNING * * *
You shake off some of the fire as you move.
The liquid fire burns you!
* * * LOW HITPOINT WARNING * * *
You shake off some of the fire as you move.
The liquid fire burns you!
You die...

### ####.####.......~.~~...#
##..#.# #.......~.~~~~.#
#.~...## #<.......~≈~...#
##..~~..# #.......~.~≈~...
..####...~...#######.....~≈....
.........~....# #...#~≈≈.~..
..####........# ....≈≈....
......#.[....#### ..##≈≈#.##
####..###.##.@..# #≈ ###. #..
#.#####.# # #. #.. #.# # ## #..
#.# #.. #.# ###


There were no monsters in sight!

Vanquished Creatures
  A bombardier beetle (D:4)
  Terence (D:3)
  A sleepcap (D:4)
  Ijyb (D:3)
  2 adders (D:3)
  A ribbon worm (D:4)
  4 dart slugs
  3 orcs (D:3)
  2 bats
  5 endoplasms
  4 giant cockroaches
  5 goblins
  10 hobgoblins
  A quokka (D:1)
  10 ball pythons
  2 frilled lizards (D:2)
  9 kobolds
  4 rats
66 creatures vanquished.

Notes
Turn   | Place    | Note
-------+----------+-------------------------------------------
     0 | D:5      | Swamplord the Mountain Dwarf Delver began the quest for the
                  | Orb.
     0 | D:5      | Reached XP level 1. HP: 19/19 MP: 1/1
   145 | D:4      | Noticed a sleepcap
   304 | D:3      | Reached XP level 2. HP: 16/27 MP: 2/2
   315 | D:3      | Reached skill level 1 in Armour
   390 | D:3      | Found a snail-covered altar of Cheibriados.
   390 | D:3      | Found a burning altar of Makhleb.
   390 | D:3      | Found a stormy altar of Qazlal.
   391 | D:3      | Found an opulent altar of Gozag.
   393 | D:3      | Found a bloodstained altar of Trog.
   395 | D:3      | Found a broken altar of Ashenzari.
   403 | D:3      | Found a radiant altar of Vehumet.
   437 | D:3      | Found a hide-covered altar of Uskayaw.
   609 | D:3      | Noticed Ijyb
   639 | D:3      | Reached skill level 3 in Maces & Flails
   639 | D:3      | Reached XP level 3. HP: 20/33 MP: 3/3
   715 | D:3      | Found a faded altar of an unknown god.
   837 | D:3      | Killed Ijyb
  1020 | D:3      | Noticed Terence
  1062 | D:3      | Killed Terence
  1063 | D:3      | Reached XP level 4. HP: 34/40 MP: 4/4
  1303 | D:3      | Reached skill level 4 in Maces & Flails
  1389 | D:2      | Found Gatufi's Antique Weapon Boutique.
  1562 | D:2      | Reached skill level 1 in Shields
  2039 | D:1      | Found Egor's Antique Armour Emporium.
  2151 | D:1      | Reached XP level 5. HP: 46/46 MP: 5/5
  2852 | D:4      | Reached skill level 5 in Maces & Flails
  2854 | D:4      | HP: 2/46 [burnt (3)]
  2855 | D:4      | Incinerated by a bombardier beetle

Illustrated notes

Levels and vault maps discovered:
D:1:      lemuel_arrival_funnel, layout_loops_ring, serial_shops,
          nicolae_shop_competitors_out_of_business
D:2:      layout_basic, serial_shops, shop
D:3:      layout_loops_ring, mainiacjoe_overflow_tiny_flanked, minitemple,
          shapermc_ecumenical_altar_flowoftime, guppyfry_early_orc_mine,
          uniq_terence, uniq_ijyb
D:4:      layout_loops_ring, serial_rivers, chequers_serial_rivers_micro_c,
          chequers_serial_rivers_micro_a, chequers_serial_rivers_large_b,
          chequers_serial_rivers_room_b, chequers_serial_rivers_micro_a,
          chequers_serial_rivers_small_3
D:5:      layout_basic, led_sif_book, minmay_temple_entry_from_below_a

Skill      XL: |  1  2  3  4  5 |
---------------+----------------+-----
Armour         | 1 2 |  2.8
Fighting       | 4 |  4.2
Maces & Flails | 3 4 5 |  5.0
Shields        | 1 |  1.4
Dodging        | |  1.3
Stealth        | |  3.7
Evocations     | |  0.1

Action                     |  1- 3 |  4- 6 || total
---------------------------+-------+-------++-------
  Melee: Mace              |    99 |       ||    99
         Flail             |       |    86 ||    86
  Throw: Stone             |     3 |       ||     3
  Evoke: Wand              |     7 |       ||     7
    Use: Scroll            |     5 |     8 ||    13
         Potion            |     1 |       ||     1
 Armour: Ring mail         |    79 |       ||    79
         Leather armour    |     3 |       ||     3
         Plate armour      |     6 |    66 ||    72
  Dodge: Dodged            |    45 |    14 ||    59
  Block: Buckler           |     7 |    13 ||    20

Table legend: (Time is in decaauts)
 A = Elapsed time spent in this place.
 B = Non-inter-level travel time spent in this place.
 C = Inter-level travel time spent in this place.
 D = Time resting spent in this place.
 E = Time spent auto-exploring this place.
 F = Levels seen in this place.
 G = Mean time per level.
                   A        B        C        D        E       F      G
               +--------+--------+--------+--------+--------+-----+--------+
         Total |   2931 |   2801 |    130 |     60 |   2001 |   5 |  586.2 |
       Dungeon |   2931 |   2801 |    130 |     60 |   2001 |   5 |  586.2 |
               +--------+--------+--------+--------+--------+-----+--------+

Top non-repeatable levels by time:
     D:3: 1134 daAuts
     D:2: 609 daAuts
     D:1: 605 daAuts
     D:4: 577 daAuts
     D:5: 4 daAuts
